 Dungeon Crawl Stone Soup version 0.28-a0-1182-g381e24db82 (webtiles) character file.

Game seed: 11803128899066473849

13 lonewolfV2 the Grave Robber (level 2, -3/19 HPs)
             Began as a Demonspawn Necromancer on Dec 16, 2021.
             Slain by a worm (9 damage)
             ... on level 1 of the Dungeon.
             The game lasted 00:00:38 (475 turns).

lonewolfV2 the Grave Robber (Demonspawn Necromancer) Turns: 475, Time: 00:00:38

Health: -3/19      AC:  2    Str:  8    XL:     2   Next: 24%
Magic:  1/5        EV: 12    Int: 16    God:
Gold:   12         SH:  0    Dex: 13    Spells: 4/5 levels left

rFire   . . .      SeeInvis .   (no weapon)
rCold   . . .      Faith    .   (no shield)
rNeg    . . .      Spirit   .   a - +0 robe
rPois   .          Reflect  .   (no helmet)
rElec   .          Harm     .   (no cloak)
rCorr   .          Rampage  .   (no gloves)
Will    .....                   (no boots)
Stlth   ++........              (no amulet)
HPRegen 0.06/turn               (no ring)
MPRegen 0.09/turn               (no ring)

@: no status effects
A: demonic touch 1
a: no special abilities


You were on level 1 of the Dungeon.
You visited 1 branch of the dungeon, and saw 1 of its levels.

You collected 12 gold pieces.

Inventory:

Armour
 a - a +0 robe (worn)
Potions
 b - a potion of brilliance {unknown}


   Skills:
 + Level 1.9 Dodging
 + Level 1.9 Stealth
 + Level 2.1 Spellcasting
 + Level 4.8 Necromancy


You had 4 spell levels left.
You knew the following spells:

 Your Spells              Type           Power      Damage    Failure   Level
a - Pain                  Necr           68%        1d7       2%          1

Your spell library contained the following spells:

 Spells                   Type           Power      Damage    Failure   Level
 Animate Skeleton         Necr           34%        N/A       2%          1
 Vampiric Draining        Necr           17%        2d7       9%          3
 Animate Dead             Necr           8%         N/A       28%         4
 Agony                    Necr           17%        N/A       61%         5


Dungeon Overview and Level Annotations

Branches:
Dungeon (1/15)

Altars:


Innate Abilities, Weirdness & Mutations

Your touch may inflict minor irresistible damage on your foes.


Message History

The jackal writhes in agony.
You kill the jackal!
Casting: Pain (safe; 3% risk of failure)
Confirm with . or Enter, or press ? or * to list all spells.
Aiming: Pain (safe; 3% risk of failure)
Press: ? - help, Shift-Dir - straight line, f - jackal
Aim: a jackal (chance to affect: 87%)
The jackal writhes in agony.
You kill the jackal!
Casting: Pain (safe; 2% risk of failure)
Confirm with . or Enter, or press ? or * to list all spells.
You don't have enough magic to cast this spell.
Unknown command.
Casting: Pain (safe; 2% risk of failure)
Confirm with . or Enter, or press ? or * to list all spells.
You don't have enough magic to cast this spell.
Unknown command.
A worm comes into view.
The jackal bites you but does no damage.
The jackal closely misses you.
You closely miss the jackal. Your touch misses the jackal.
A rat comes into view.
The jackal bites you but does no damage.
You closely miss the jackal. The jackal barely misses you.
The jackal bites you.
You closely miss the jackal. The jackal closely misses you.
You hit the jackal.
You touch the jackal.
The jackal is almost dead.
The jackal barely misses you.
You hit the jackal but do no damage.
The jackal is almost dead.
The jackal bites you. The rat closely misses you.
The jackal closely misses you.
You hit the jackal but do no damage.
The jackal is almost dead.
The jackal bites you. The rat bites you.
You hit the jackal.
You kill the jackal!
The rat closely misses you. The worm bites you!
You die...

..# .# ..
.# .. ..
.#. ... #
#.###.##.#
#...w†r..#
#@# #.####
#.# ......
#.# ......
#####.#
#.####
##...#.#
#.....†#
#......#
#.#
#......#
#.#
##...#.#
#.#


You could see a worm and a rat.

Vanquished Creatures
  2 giant cockroaches (D:1)
  A hobgoblin (D:1)
  4 jackals (D:1)
  2 kobolds (D:1)
  A quokka (D:1)
  A frilled lizard (D:1)
  A rat (D:1)
12 creatures vanquished.

Vanquished Creatures (others)
  5 plants (D:1)
5 creatures vanquished.

Grand Total: 17 creatures vanquished

Notes
Turn   | Place    | Note
-------+----------+-------------------------------------------
     0 | D:1      | lonewolfV2 the Demonspawn Necromancer began the quest for
                  | the Orb.
     0 | D:1      | Reached XP level 1. HP: 13/13 MP: 3/3
   427 | D:1      | Discovered your monstrous ancestry.
   427 | D:1      | Gained mutation: Your touch may inflict minor irresistible
                  | damage on your foes. [demonic ancestry]
   427 | D:1      | Reached XP level 2. HP: 17/19 MP: 3/5
   475 | D:1      | Slain by a worm

Illustrated notes

Levels and vault maps discovered:
D:1:      wheals_arrival_shading, layout_loops_ring, serial_forest,
          infiniplex_forest_end_double, infiniplex_forest_lined_4_way,
          infiniplex_forest_clump_diagonal, infiniplex_forest_clump_long,
          infiniplex_forest_lined_1, infiniplex_forest_fountain,
          infiniplex_forest_clump_curved, nicolae_wormholes

Action                   || total
-------------------------++-------
Melee: Unarmed           ||    14
       Touch             ||     1
 Cast: Pain              ||    17
Armor: Robe              ||     3
Dodge: Dodged            ||     9

Table legend: (Time is in decaauts)
 A = Elapsed time spent in this place.
 B = Non-inter-level travel time spent in this place.
 C = Inter-level travel time spent in this place.
 D = Time resting spent in this place.
 E = Time spent auto-exploring this place.
 F = Levels seen in this place.
 G = Mean time per level.
                   A        B        C        D        E       F      G
               +--------+--------+--------+--------+--------+-----+--------+
         Total |    475 |    475 |      0 |      0 |    404 |   1 |  475.0 |
       Dungeon |    475 |    475 |      0 |      0 |    404 |   1 |  475.0 |
               +--------+--------+--------+--------+--------+-----+--------+

Top non-repeatable levels by time:
     D:1: 475 daAuts
